 Dungeon Crawl Stone Soup version 0.13-b1-41-gf166b9b (webtiles) character file.

412 Lilouch the Slasher (level 5, 0/42 HPs)
             Began as a Mummy Fighter on Oct 8, 2013.
             Slain by a shadow imp (1 damage)
             ... summoned by Eustachio
             ... on Level 4 of the Dungeon.
             The game lasted 00:22:27 (17876 turns).

Lilouch the Slasher (Mummy Fighter)                Turns: 17876, Time: 00:22:29

HP   0/42        AC  9     Str 20      XL: 5   Next: 85%
MP   4/4         EV  6     Int  7      God:
Gold 165         SH 18     Dex 11      Spells:  0 memorised,  4 levels left

Res.Fire  : x . .   See Invis. : .   a - +0 falchion
Res.Cold  : + . .   Warding    : .   b - +0 scale mail
Life Prot.: + + +   Conserve   : .   c - +0 shield
Res.Poison: +       Res.Corr.  : .   r - +0 helmet
Res.Elec. : .       Clarity    : .   (no cloak)
Sust.Abil.: . .     Spirit.Shd : .   C - +0 pair of dwarf gloves
Res.Mut.  : .       Stasis     : .   (no boots)
Res.Rott. : +       Flight     : .   (no amulet)
Saprovore : . . .                    (no ring)
                                     (no ring)

@: slightly resistant to hostile enchantments, extremely unstealthy
A: no food or potions, fire vulnerability, restore body, cold resistance 1, life
protection 3, poison resistance, torment resistance, unbreathing
a: no special abilities


You were on level 4 of the Dungeon.
You were not hungry.

You visited 1 branch of the dungeon, and saw 4 of its levels.

You collected 145 gold pieces.

Inventory:

Hand weapons
 a - a +0,+0 falchion (weapon)
 y - a +0,+0 sling
 E - a +4,+0 elven dagger
 F - a +0,+0 dwarven falchion
Missiles
 d - 4 javelins of penetration (quivered)
 f - 13 exploding darts
 g - 24 bolts
 i - 110 stones
 n - 25 poisoned needles
 x - 27 darts
 A - 2 throwing nets
 G - 8 javelins
 H - 28 sling bullets
Armour
 b - a +0 scale mail (worn)
 c - a +0 shield (worn)
 r - a +0 helmet (worn)
 C - a +0 pair of dwarven gloves (worn)
Comestibles
 q - 2 meat rations
 u - 3 bread rations
 z - an apple
Scrolls
 j - 4 scrolls of identify {unknown}
 l - 2 scrolls of teleportation {unknown}
 o - 3 scrolls of remove curse {unknown}
 s - a scroll of enchant armour {unknown}
 t - a scroll of amnesia {unknown}
 w - 3 scrolls of blinking {unknown}
 D - 2 scrolls of fear {unknown}
 I - a scroll of enchant weapon II {unknown}
Jewellery
 J - a cursed ring of teleportation {unknown}
Potions
 e - a potion of agility {unknown}
 h - 2 potions of curing {unknown}
 k - a potion of might {unknown}
 m - a potion of porridge {unknown}
 p - a potion of degeneration {unknown}
 v - a potion of cure mutation {unknown}
 B - 2 potions of heal wounds {unknown}


   Skills:
 - Level 3.2 Fighting
 * Level 3.6 Long Blades
 + Level 3.4 Armour
 + Level 3.4 Shields


You had 4 spell levels left.
You didn't know any spells.

Dungeon Overview and Level Annotations

Branches:
Dungeon (4/27)
 Temple: D:4-7

Altars:
Fedhas
Kikubaaqudgha
Makhleb
Vehumet
Yredelemnul

Annotations:
D:4 Eustachio


Innate Abilities, Weirdness & Mutations

You do not eat or drink.
Your flesh is vulnerable to fire.
Your flesh is cold resistant.
You are immune to negative energy.
Your system is resistant to poisons.
You are immune to unholy pain and torment.
You can survive without breathing.


Message History

The quokka bites you but does no damage.
You miss the quasit. You block the bat's attack. The quasit bites you.
* * * LOW HITPOINT WARNING * * *
The quasit completely misses you.
The quasit claws you but does no damage.
You block the bat's attack. The lemure closely misses you.
You block the lemure's attack. The lemure hits you but does no damage.
The quokka bites you.
* * * LOW HITPOINT WARNING * * *
The shadow imp gestures at you. You resist.
Eustachio hits you but does no damage.
The quasit bites you but does no damage.
The quasit claws you but does no damage.
You closely miss the quasit. You block the bat's attack.
The lemure barely misses you. You block the lemure's attack.
The lemure barely misses you.
The quasit bites you but does no damage.
The quasit claws you but does no damage.
The quokka barely misses you. The shadow imp hits you.
You die...

#.# #.# # #.# ###.#####
# #<# #.......# #
#.####.#.###.# #
#......#.###.# ##
#####..#..##.#
###########. #..##.##.#
#........... #..##5##5#
#...........
#....5@@r###).#########
#...b.5r5r....#
###############


You could see Eustachio, 2 quasits, an iron imp, a lemure, a shadow imp, a
quokka, a bat and 2 rats.

Vanquished Creatures
  An orc priest (D:4)
  A scorpion (D:4)
  9 adders
  2 oozes
  4 orcs (D:3)
  5 ball pythons
  4 giant cockroaches
  17 goblins
  19 hobgoblins
  4 jackals (D:3)
  A quokka (D:3)
  8 bats
  3 giant geckos
  6 giant newts
  A hobgoblin skeleton (D:4)
  7 kobolds
  6 rats
98 creatures vanquished.

Notes
Turn   | Place    | Note
--------------------------------------------------------------
     0 | D:1      | Lilouch, the Mummy Fighter, began the quest for the Orb.
     0 | D:1      | Reached XP level 1. HP: 18/18 MP: 0/0
   213 | D:1      | Reached XP level 2. HP: 18/24 MP: 1/1
  1115 | D:2      | Reached XP level 3. HP: 18/30 MP: 2/2
  1488 | D:2      | Found a burning altar of Makhleb.
  1488 | D:2      | Found a radiant altar of Vehumet.
  4791 | D:1      | Noticed an orc knight
  5001 | D:1      | Noticed an orc warrior
  5100 | D:3      | Reached XP level 4. HP: 34/36 MP: 3/3
  5275 | D:3      | Found an ancient bone altar of Kikubaaqudgha.
 11095 | D:2      | Reached XP level 5. HP: 42/42 MP: 4/4
 11743 | D:2      | Noticed a hippogriff
 13303 | D:2      | Noticed a stone giant
 13902 | D:3      | Found a basalt altar of Yredelemnul.
 16347 | D:4      | Found a blossoming altar of Fedhas.
 17810 | D:3      | Noticed a rock worm
 17829 | D:4      | Noticed Eustachio
 17875 | D:4      | HP: 1/42 [quokka[Eustachio] (2)]
 17876 | D:4      | Slain by a shadow imp

Action                   |  1- 3 |  4- 6 || total
-------------------------+-------+-------++-------
Melee: Falchion          |   164 |   277 ||   441
